[Event "Outaouais-ch Reserve"]
[Site "Gatineau CAN"]
[Date "2023.05.16"]
[Round "8"]
[White "Filion, Samuel"]
[Black "Chacon, Jose"]
[Result "0-1"]
[ECO "B35"]
[WhiteElo "1492"]
[BlackElo "1585"]
[PlyCount "106"]
[EventDate "2023.03.28"]
[EventType "swiss"]
[EventRounds "7"]
[EventCountry "CAN"]
[TimeControl "90+30"]

1. e4 c5 2. Nf3 Nc6 3. d4 cxd4 4. Nxd4 g6 5. Nc3 Bg7 6. Be3 Nf6 7. f3 O-O 8.
Bc4 d5 9. Nxd5 Nxd5 10. Bxd5 Nxd4 11. Bxd4 Bxd4 12. Qxd4 e6 13. O-O-O exd5 14.
Qxd5 Qb6 15. Qd4 Qa6 16. a3 Be6 17. Qd6 Qc4 18. b3 Qc3 19. Qd4 Qa5 20. Qb4 Qg5+
21. Qd2 Qc5 22. Qd6 Qa5 23. Qb4 Qxb4 24. axb4 a5 25. bxa5 Rxa5 26. Kb2 Rfa8 27.
Ra1 Rxa1 28. Rxa1 Rxa1 29. Kxa1 Kg7 30. Kb2 Kf6 31. Kc3 Kg5 32. Kd3 f5 33. exf5
Bxf5+ 34. Kd2 Kf4 35. c4 Bb1 36. Kc1 Bd3 37. Kd2 Bf1 38. g3+ Kxf3 39. Ke1 Bh3
40. b4 Kg2 41. b5 Kxh2 42. Kf2 Be6 43. c5 Bd5 44. b6 Kh3 45. Ke3 Kxg3 46. Kd4
Bc6 47. Ke5 h5 48. Kf6 h4 49. Kxg6 Kf4 50. Kf6 Ke4 51. Ke6 Kd4 52. Kd6 h3 53.
Kc7 Kxc5 0-1

[Event "Outaouais-ch Reserve"]
[Site "Gatineau CAN"]
[Date "2023.05.16"]
[Round "8"]
[White "Labelle, Raymond"]
[Black "Seguin, Hubert"]
[Result "1-0"]
[ECO "B54"]
[WhiteElo "1533"]
[BlackElo "1526"]
[PlyCount "97"]
[EventDate "2023.03.28"]
[EventType "swiss"]
[EventRounds "7"]
[EventCountry "CAN"]
[TimeControl "90+30"]

1. e4 d6 2. Nf3 c5 3. d4 cxd4 4. Nxd4 Nc6 5. Be3 Nf6 6. Nxc6 bxc6 7. Bd3 Ng4 8.
Bd2 Ne5 9. Be2 c5 10. Nc3 g6 11. O-O Bg7 12. Rb1 a5 13. h3 O-O 14. Qc1 Bb7 15.
Bg5 Ba6 16. Bxa6 Rxa6 17. Nd5 f6 18. Bf4 e6 19. Nc3 d5 20. exd5 exd5 21. a4 f5
22. Nb5 Re8 23. Bg5 Qd7 24. Re1 Rae6 25. Kf1 Nc4 26. Rxe6 Qxe6 27. b3 Qe2+ 28.
Kg1 Nb6 29. Qd1 d4 30. Bd2 Qxd1+ 31. Rxd1 Ra8 32. Nc7 Ra7 33. Nb5 Ra8 34. Nc7
Rc8 35. Bxa5 Rxc7 36. Bxb6 Rc6 37. a5 c4 38. b4 Rd6 39. Bc5 Rd8 40. a6 Kf7 41.
a7 d3 42. cxd3 c3 43. d4 Bh6 44. b5 c2 45. Ra1 c1=Q+ 46. Rxc1 Bxc1 47. b6 Re8
48. b7 Bf4 49. g3 1-0

[Event "Outaouais-ch Reserve"]
[Site "Gatineau CAN"]
[Date "2023.05.16"]
[Round "8"]
[White "Lecorre, Joel"]
[Black "Arvisais, Eric"]
[Result "1-0"]
[ECO "B11"]
[WhiteElo "1589"]
[BlackElo "1204"]
[PlyCount "133"]
[EventDate "2023.03.28"]
[EventType "swiss"]
[EventRounds "7"]
[EventCountry "CAN"]
[TimeControl "90+30"]

1. e4 c6 2. Nc3 d5 3. Nf3 d4 4. Ne2 c5 5. d3 Nc6 6. g3 e5 7. Bg2 Nf6 8. c3 Bg4
9. h3 Be6 10. Ng5 Qd7 11. c4 h6 12. Nxe6 Qxe6 13. b3 Be7 14. Bd2 O-O 15. O-O a5
16. f4 Bd6 17. f5 Qe7 18. g4 Nb4 19. Be1 Qd7 20. a3 Na6 21. Bxa5 Nc7 22. Bd2 b5
23. Ng3 bxc4 24. bxc4 Be7 25. g5 hxg5 26. Bxg5 Nh7 27. Bd2 Qd6 28. Qg4 Nf6 29.
Qf3 Rfb8 30. Nh5 Rb2 31. Bg5 Nxh5 32. Qxh5 f6 33. Bc1 Rc2 34. Qd1 Rc3 35. Bb2
Rb8 36. Bxc3 dxc3 37. Rc1 Qd4+ 38. Kh2 Rb2 39. Rc2 Rb3 40. Ra2 Rb2 41. Rxb2
cxb2 42. Qd2 Ne8 43. Rb1 Bd8 44. Rxb2 Bc7 45. Rb7 Qd8 46. Qe3 Qc8 47. Rb5 Bd6
48. Qc1 Nc7 49. Rb3 Qa6 50. Qb2 Na8 51. Bf3 Bc7 52. Bd1 Nb6 53. Rb5 Nd7 54. a4
Ba5 55. Rb7 Qc6 56. Qb5 Qxb5 57. cxb5 Nb6 58. Bb3+ Kh7 59. Ra7 Bc3 60. a5 Nc8
61. Ra8 Nd6 62. b6 Bd2 63. a6 Bf4+ 64. Kg2 Kh6 65. b7 Nb5 66. h4 Nd6 67. Rh8#
1-0

[Event "Outaouais-ch Reserve"]
[Site "Gatineau CAN"]
[Date "2023.05.16"]
[Round "8"]
[White "Marenger, Vincent"]
[Black "Masse-Garneau, Anthony"]
[Result "1/2-1/2"]
[ECO "B23"]
[WhiteElo "1497"]
[BlackElo "1536"]
[PlyCount "71"]
[EventDate "2023.03.28"]
[EventType "swiss"]
[EventRounds "7"]
[EventCountry "CAN"]
[TimeControl "90+30"]

1. e4 c5 2. Nc3 e6 3. f4 d5 4. Bb5+ Nc6 5. Bxc6+ bxc6 6. Nf3 Nf6 7. Qe2 Be7 8.
d3 O-O 9. O-O Ba6 10. f5 exf5 11. exf5 Nd7 12. Bf4 Bf6 13. Qf2 Bxc3 14. bxc3
Qf6 15. g4 Qxc3 16. Qh4 Rfe8 17. g5 Re2 18. g6 fxg6 19. fxg6 h6 20. Bxh6 gxh6
21. Qxh6 Qg7 22. Qh5 Re6 23. Qh7+ Qxh7 24. gxh7+ Kh8 25. Ng5 Rg6 26. h4 Rf8 27.
Kh2 Rxf1 28. Rxf1 Nf6 29. Kg3 Nxh7 30. Kg4 Nxg5 31. hxg5 Kg7 32. Kh5 c4 33. Re1
Kh7 34. Re7+ Rg7 35. g6+ Kh8 36. Re8+ 1/2-1/2

[Event "Outaouais-ch Reserve"]
[Site "Gatineau CAN"]
[Date "2023.05.16"]
[Round "8"]
[White "Marghetis, Aris"]
[Black "Bastien, Andre"]
[Result "0-1"]
[ECO "C33"]
[WhiteElo "1812"]
[BlackElo "1757"]
[PlyCount "86"]
[EventDate "2023.03.28"]
[EventType "swiss"]
[EventRounds "7"]
[EventCountry "CAN"]
[TimeControl "90+30"]

1. e4 e5 2. Nc3 Nc6 3. f4 exf4 4. Nf3 Nf6 5. Bc4 Be7 6. d4 Nxe4 7. Bxf4 Nxc3 8.
bxc3 d5 9. Bd3 Bg4 10. O-O O-O 11. Qd2 Bd6 12. Rae1 Qd7 13. Bxd6 Qxd6 14. Qg5
Bxf3 15. Bxh7+ Kxh7 16. Rxf3 Qg6 17. Qxd5 Rae8 18. Ref1 Re6 19. Qd7 Re7 20.
Qh3+ Kg8 21. Rf4 Rfe8 22. Rh4 f6 23. Rg4 Qxc2 24. Qg3 Qe2 25. Qh4 Qe3+ 26. Kh1
Qd3 27. Qxf6 Qxf1+ 28. Qxf1 Re1 29. Kg1 Rxf1+ 30. Kxf1 Re3 31. d5 Ne5 32. Ra4
a6 33. Rb4 b5 34. a4 c5 35. dxc6 Nxc6 36. Rg4 Rxc3 37. axb5 axb5 38. Ke2 b4 39.
Kd2 Rc5 40. Rg3 Na5 41. Rf3 b3 42. Rf1 Nc4+ 43. Kc3 Ne3+ 0-1

[Event "Outaouais-ch Reserve"]
[Site "Gatineau CAN"]
[Date "2023.05.16"]
[Round "8"]
[White "Medeiros, Joshua"]
[Black "Laflamme, Mathieu"]
[Result "1/2-1/2"]
[ECO "B13"]
[WhiteElo "1399"]
[BlackElo "1340"]
[PlyCount "100"]
[EventDate "2023.03.28"]
[EventType "swiss"]
[EventRounds "7"]
[EventCountry "CAN"]
[TimeControl "90+30"]

1. e4 c6 2. d4 d5 3. exd5 cxd5 4. c4 Nf6 5. Nc3 dxc4 6. Bxc4 Bf5 7. Nf3 e6 8.
Bg5 Be7 9. Bxf6 Bxf6 10. Qa4+ Nd7 11. Ne5 Bxe5 12. dxe5 O-O 13. Rd1 Qb6 14.
Rxd7 Qxb2 15. Qb3 Qc1+ 16. Rd1 Qg5 17. Kf1 Rac8 18. h4 Qf4 19. Be2 Qxe5 20. Nb1
Bc2 21. Qa3 Bxd1 22. Bxd1 Qb5+ 23. Kg1 Qxb1 24. Qa4 Rc1 25. Kh2 b5 26. Qd4 Qxa2
27. g3 Qd5 28. Qg4 Rd8 29. Bf3 Rxh1+ 30. Bxh1 Qc4 31. Qg5 Rf8 32. h5 h6 33. Qe3
a5 34. Be4 f5 35. Bd3 Qg4 36. Qxe6+ Kh8 37. Bxb5 Qxh5+ 38. Kg2 Qf7 39. Qa6 Qd5+
40. Kh3 Ra8 41. Qc6 Qxc6 42. Bxc6 Ra7 43. Ba4 Rb7 44. Bc2 g6 45. f3 Kg7 46. f4
Rb4 47. Kh4 g5+ 48. Kh5 gxf4 49. gxf4 Rxf4 50. Ba4 Rxa4 {
Les deux cartes de partie disent que la partie est nulle.} 1/2-1/2

[Event "Outaouais-ch Reserve"]
[Site "Gatineau CAN"]
[Date "2023.05.16"]
[Round "8"]
[White "Paradis, Emile"]
[Black "Roy, Dominique"]
[Result "1-0"]
[ECO "B02"]
[WhiteElo "1454"]
[BlackElo "1213"]
[PlyCount "65"]
[EventDate "2023.03.28"]
[EventType "swiss"]
[EventRounds "7"]
[EventCountry "CAN"]
[TimeControl "90+30"]

1. e4 Nf6 2. e5 Nd5 3. c4 Nb4 4. a3 N4c6 5. d4 e6 6. Nf3 d6 7. Qa4 Bd7 8. c5
dxc5 9. dxc5 Bxc5 10. Qb5 b6 11. Qd3 h6 12. Nc3 a6 13. b4 Be7 14. Qe4 f5 15.
exf6 Bxf6 16. Bb2 e5 17. Qg6+ Kf8 18. Bc4 Be8 19. Qe4 b5 20. Bb3 Ra7 21. Nd5
Bf7 22. Nxe5 Bxd5 23. Bxd5 Nxe5 24. Bxe5 Bxe5 25. Qxe5 Qe8 26. Be6 Nc6 27. Qc5+
Qe7 28. Qxc6 Qf6 29. O-O-O Qf4+ 30. Kb1 Qxf2 31. Rhf1 Qxf1 32. Rxf1+ Ke7 33.
Qd7# 1-0

[Event "Outaouais-ch Reserve"]
[Site "Gatineau CAN"]
[Date "2023.05.16"]
[Round "8"]
[White "Rioux, Jocelyn"]
[Black "Gagne, Learry"]
[Result "1-0"]
[ECO "D02"]
[WhiteElo "1612"]
[BlackElo "1182"]
[PlyCount "135"]
[EventDate "2023.03.28"]
[EventType "swiss"]
[EventRounds "7"]
[EventCountry "CAN"]
[TimeControl "90+30"]

1. d4 d5 2. Bf4 c5 3. e3 Nc6 4. c3 e6 5. Nf3 Nf6 6. Nbd2 b6 7. Ne5 Nxe5 8. Bxe5
Bd6 9. Nf3 Bxe5 10. Nxe5 O-O 11. Bd3 c4 12. Bc2 Bb7 13. Qf3 Ne4 14. h4 f6 15.
Ng4 f5 16. Ne5 Qe8 17. O-O-O a5 18. Bxe4 fxe4 19. Qe2 Qe7 20. h5 a4 21. a3 b5
22. f4 exf3 23. gxf3 Rf5 24. f4 Rc8 25. Kc2 Bc6 26. Rdg1 Be8 27. Rg3 h6 28. Qf3
Qf8 29. Ng6 Bxg6 30. Rxg6 Rf6 31. Rhg1 Rxg6 32. Rxg6 Qf5+ 33. Kc1 Rf8 34. Qg2
Rf7 35. Rxh6 Kf8 36. Rh8+ Ke7 37. Qg5+ Qxg5 38. fxg5 Rf1+ 39. Kd2 Rg1 40. h6
gxh6 41. gxh6 Rh1 42. h7 Kf7 43. Rb8 Rxh7 44. Rxb5 Rh2+ 45. Kc1 Rh1+ 46. Kc2
Rh2+ 47. Kb1 Rh1+ 48. Ka2 Re1 49. Ra5 Rxe3 50. Rxa4 Kf6 51. Rb4 e5 52. dxe5+
Kxe5 53. a4 d4 54. Rxc4 d3 55. Rd4 Re4 56. Rxd3 Rxa4+ 57. Kb3 Ra6 58. Rd4 Rd6
59. Rxd6 Kxd6 60. Kc4 Kc6 61. b4 Kb6 62. b5 Kb7 63. Kc5 Kc7 64. c4 Kb7 65. b6
Kb8 66. Kc6 Kc8 67. b7+ Kb8 68. c5 1-0

[Event "Outaouais-ch U20"]
[Site "Gatineau CAN"]
[Date "2023.09.12"]
[Round "1"]
[White "Zhao, Richie"]
[Black "Filion, Samuel"]
[Result "0-1"]
[ECO "B01"]
[WhiteElo "1214"]
[BlackElo "1492"]
[PlyCount "134"]
[EventDate "2023.09.12"]
[EventType "tourn"]
[EventRounds "5"]
[EventCountry "CAN"]
[TimeControl "90+30"]

1. e4 d5 2. exd5 Qxd5 3. Nc3 Qa5 4. Bc4 Nf6 5. d3 c6 6. Bd2 Qb6 7. Bb3 Bf5 8.
Qf3 e6 9. h3 Bd6 10. O-O-O Nbd7 11. Bf4 Qc7 12. Bxd6 Qxd6 13. Nge2 O-O-O 14.
Ng3 Bg6 15. Nge4 Qc7 16. g4 h5 17. g5 Nxe4 18. Nxe4 h4 19. Qe3 Kb8 20. Rdf1 Qb6
21. Qf4+ Qc7 22. Qxc7+ Kxc7 23. f4 Bf5 24. Nd2 b5 25. Nf3 Nc5 26. Ne5 Rdf8 27.
Ng4 a5 28. a3 Nxb3+ 29. cxb3 Bxd3 30. Rd1 Be2 31. Rd2 Bf3 32. Rg1 Bxg4 33. Rxg4
Rd8 34. Rxd8 Kxd8 35. Kd2 Kc7 36. Kd3 Kd6 37. Ke4 f5+ 38. gxf6 gxf6 39. Rg1 Rh5
40. Rc1 Rd5 41. Rc2 c5 42. Rg2 Rh5 43. Rc2 Rh7 44. Rg2 f5+ 45. Ke3 Kd5 46. Rd2+
Kc6 47. Rg2 a4 48. b4 cxb4 49. Kd4 bxa3 50. bxa3 Kd6 51. Rb2 Rb7 52. Rb4 Rb8
53. Rb2 b4 54. axb4 a3 55. Rd2 Rxb4+ 56. Kc3+ Kc5 57. Rf2 Ra4 58. Kb3 a2 59.
Rc2+ Kb5 60. Rc3 a1=Q 61. Rc1 Ra3+ 62. Kc2 Qa2+ 63. Kd1 Rd3+ 64. Ke1 Re3+ 65.
Kf1 Qe2+ 66. Kg1 Rg3+ 67. Kh1 Qg2# 0-1

[Event "Ste-Foy 1 2023-24"]
[Site "Ste-Foy CAN"]
[Date "2023.09.11"]
[Round "1"]
[White "Berube, Antoine"]
[Black "Boyer, Augustin"]
[Result "1-0"]
[ECO "E01"]
[WhiteElo "2230"]
[BlackElo "1758"]
[PlyCount "43"]
[EventDate "2023.11.09"]
[EventType "swiss"]
[EventRounds "5"]
[EventCountry "CAN"]
[TimeControl "5400+30"]

1. d4 d5 2. c4 e6 3. Nf3 Nf6 4. g3 c6 5. Bg2 Bd6 6. Qc2 Nbd7 7. Nbd2 b6 8. O-O
Ba6 9. b3 O-O 10. e4 dxe4 11. Nxe4 Nxe4 12. Qxe4 Rc8 13. Bb2 c5 14. Rfd1 Qc7
15. d5 Rce8 16. Ng5 f5 17. Qh4 Nf6 18. Nxe6 Rxe6 19. dxe6 Be7 20. Rd7 Nxd7 21.
Qxe7 Bc8 22. Qxg7# 1-0

[Event "Ste-Foy 1 2023-24"]
[Site "Ste-Foy CAN"]
[Date "2023.09.11"]
[Round "1"]
[White "Gauthier, Vincent"]
[Black "Pinsonneault, Sebastien"]
[Result "0-1"]
[ECO "B08"]
[WhiteElo "1101"]
[BlackElo "1549"]
[PlyCount "76"]
[EventDate "2023.11.09"]
[EventType "swiss"]
[EventRounds "5"]
[EventCountry "CAN"]
[TimeControl "5400+30"]

1. e4 d6 2. d4 Nf6 3. Nc3 g6 4. Nf3 Bg7 5. Bd3 O-O 6. O-O Nc6 7. Be3 Bg4 8. h3
Bd7 9. Qd2 Nh5 10. d5 Ne5 11. Nxe5 Bxe5 12. Be2 Nf6 13. Bd4 Bxd4 14. Qxd4 c5
15. Qe3 Qc7 16. f4 b5 17. Nxb5 Bxb5 18. Bxb5 Rab8 19. a4 Qa5 20. b3 a6 21. Bd3
Qc3 22. Qe1 Qd4+ 23. Kh1 e6 24. dxe6 fxe6 25. f5 exf5 26. exf5 Rfe8 27. Qd1 Kg7
28. Re1 Nh5 29. Rxe8 Rxe8 30. fxg6 hxg6 31. Rb1 Ng3+ 32. Kh2 Qe5 33. Kg1 a5 34.
Kh2 Rf8 35. Kg1 Qe3+ 36. Kh2 Qf4 37. Qg4 Nf1+ 38. Kg1 Qh2# 0-1

[Event "Ste-Foy 1 2023-24"]
[Site "Ste-Foy CAN"]
[Date "2023.09.11"]
[Round "1"]
[White "Laurendeau, Alfred"]
[Black "Marcotte, Lucille"]
[Result "1-0"]
[ECO "B13"]
[WhiteElo "1530"]
[BlackElo "985"]
[PlyCount "65"]
[EventDate "2023.11.09"]
[EventType "swiss"]
[EventRounds "5"]
[EventCountry "CAN"]
[TimeControl "5400+30"]

1. e4 c6 2. d4 d5 3. exd5 cxd5 4. Bd3 Nf6 5. h3 Nc6 6. c3 e6 7. Nf3 h6 8. Bf4
Nh5 9. Bh2 Be7 10. Ne5 O-O 11. Nxc6 bxc6 12. Qxh5 Rb8 13. Bxb8 Qb6 14. Qe2 Qxb8
15. O-O Bd6 16. Nd2 Re8 17. Nf3 f6 18. Qc2 f5 19. Rfe1 Bd7 20. Ne5 Qd8 21. b4
Qg5 22. Nxd7 Qh4 23. Ne5 Qh5 24. Qe2 Qg5 25. Qe3 Qf6 26. b5 cxb5 27. Bxb5 Rb8
28. Rab1 f4 29. Qd3 Qh4 30. Bd7 Rf8 31. Bxe6+ Kh8 32. Ng6+ Kh7 33. Nxh4+ 1-0

[Event "Ste-Foy 1 2023-24"]
[Site "Ste-Foy CAN"]
[Date "2023.09.18"]
[Round "2"]
[White "Boyer, Augustin"]
[Black "Mercure, Gilbert"]
[Result "0-1"]
[ECO "B02"]
[WhiteElo "1758"]
[BlackElo "1853"]
[PlyCount "112"]
[EventDate "2023.11.09"]
[EventType "swiss"]
[EventRounds "5"]
[EventCountry "CAN"]
[TimeControl "5400+30"]

1. e4 d5 2. exd5 Nf6 3. Nc3 Nxd5 4. Nf3 Bf5 5. Bc4 e6 6. O-O c6 7. Re1 Nxc3 8.
bxc3 Bd6 9. d3 Nd7 10. Nd4 O-O 11. Nxf5 exf5 12. Qh5 Qf6 13. d4 Qg6 14. Qf3 Qg4
15. Qxg4 fxg4 16. Bg5 Rfe8 17. Bd3 g6 18. g3 Kg7 19. Rab1 Rxe1+ 20. Rxe1 h6 21.
Bd2 Nf6 22. c4 Re8 23. Rb1 b6 24. Bc3 h5 25. Rd1 Kf8 26. d5 Be5 27. Bb4+ c5 28.
Bd2 Nd7 29. a4 f5 30. a5 Kf7 31. axb6 axb6 32. h3 gxh3 33. Be3 Kf6 34. Kh2 h4
35. Kxh3 hxg3 36. fxg3 Bxg3 37. Bd2 Be5 38. Be1 g5 39. Bf2 g4+ 40. Kg2 Rh8 41.
Rf1 f4 42. Be3 f3+ 43. Kg1 Bg3 44. Bd2 Rh2 45. Bc3+ Kg5 46. Be1 Bf4 47. Be4 Ne5
48. d6 Re2 49. Bd3 Nxd3 50. d7 Bc7 51. cxd3 Kf4 52. Bh4 g3 53. d8=Q Bxd8 54.
Bxd8 Rb2 55. Bc7+ Kg4 56. Rd1 Kh3 0-1

[Event "Ste-Foy 1 2023-24"]
[Site "Ste-Foy CAN"]
[Date "2023.09.18"]
[Round "2"]
[White "Marois, Remi"]
[Black "Marcotte, Lucille"]
[Result "1-0"]
[ECO "B11"]
[WhiteElo "1526"]
[BlackElo "985"]
[PlyCount "33"]
[EventDate "2023.11.09"]
[EventType "swiss"]
[EventRounds "5"]
[EventCountry "CAN"]
[TimeControl "5400+30"]

1. e4 c6 2. Nc3 d5 3. Nf3 Nd7 4. exd5 Ngf6 5. dxc6 bxc6 6. d4 e6 7. Bd3 h6 8.
O-O Bd6 9. Re1 O-O 10. Ne5 Nxe5 11. dxe5 Bc5 12. exf6 g6 13. Ne4 Bb6 14. Bxh6
Re8 15. Qf3 Ba5 16. Re2 Kh7 17. Qh3 1-0

[Event "Ste-Foy 1 2023-24"]
[Site "Ste-Foy CAN"]
[Date "2023.09.18"]
[Round "2"]
[White "Vaillant, Charles-Etienne"]
[Black "Dube, Dominic"]
[Result "1-0"]
[ECO "D11"]
[WhiteElo "1678"]
[BlackElo "1778"]
[PlyCount "93"]
[EventDate "2023.11.09"]
[EventType "swiss"]
[EventRounds "5"]
[EventCountry "CAN"]
[TimeControl "5400+30"]

1. c4 c6 2. d4 d5 3. Nf3 Bf5 4. cxd5 cxd5 5. Qb3 Qc7 6. Nc3 e6 7. Bf4 Qb6 8.
Nb5 Na6 9. Qa4 Bb4+ 10. Nc3+ Qc6 11. Qxc6+ bxc6 12. Ne5 c5 13. e4 cxd4 14. Bxa6
dxc3 15. Bb5+ Kf8 16. O-O cxb2 17. Rab1 Bxe4 18. Rxb2 Bc3 19. Nd7+ Ke7 20. Rb3
d4 21. Ba4 Bd5 22. Rbb1 f6 23. Rfd1 e5 24. Bc1 Kf7 25. Ba3 Nh6 26. Bb3 Bxb3 27.
Rxb3 Ke6 28. Rb7 f5 29. f3 Rhd8 30. Nc5+ Kf6 31. Nd7+ Ke6 32. Nc5+ Kd5 33. Rxg7
e4 34. fxe4+ fxe4 35. Rg5+ Kc4 36. Nxe4 Rd5 37. Rxd5 Kxd5 38. Nxc3+ Kc4 39. Ne4
Ng4 40. Bb2 d3 41. Nd6+ Kd5 42. Rxd3+ Ke6 43. Nc4 Rc8 44. Rd4 Rg8 45. Rd6+ Ke7
46. Ba3 Ke8 47. h3 1-0

[Event "Ste-Foy 1 2023-24"]
[Site "Ste-Foy CAN"]
[Date "2023.10.16"]
[Round "5"]
[White "Gingras, Raphael"]
[Black "Bourassa, Louis"]
[Result "0-1"]
[ECO "B13"]
[WhiteElo "1487"]
[BlackElo "968"]
[PlyCount "56"]
[EventDate "2023.11.09"]
[EventType "swiss"]
[EventRounds "5"]
[EventCountry "CAN"]
[TimeControl "5400+30"]

1. e4 c6 2. d4 d5 3. exd5 cxd5 4. Bb5+ Nc6 5. Nf3 Bg4 6. Be3 Nf6 7. O-O e6 8.
Nbd2 Be7 9. c4 O-O 10. Rc1 Rc8 11. Nb3 dxc4 12. Rxc4 Qb6 13. Bxc6 bxc6 14. d5
Qb5 15. Qd4 Bxf3 16. gxf3 Nxd5 17. Kh1 Bf6 18. Qg4 Bxb2 19. Rg1 g6 20. Rc5 Qb8
21. Nd4 Nxe3 22. fxe3 Bxd4 23. Qxd4 Qb6 24. Rgc1 Rfd8 25. Qc3 Qa6 26. Rc4 Qxa2
27. Rh4 Qf2 28. e4 Qxh4 0-1

[Event "Ste-Foy 1 2023-24"]
[Site "Ste-Foy CAN"]
[Date "2023.10.16"]
[Round "5"]
[White "Simmons, Eric Andrew"]
[Black "Gingras, Guy"]
[Result "1-0"]
[ECO "D02"]
[WhiteElo "1771"]
[BlackElo "1605"]
[PlyCount "105"]
[EventDate "2023.11.09"]
[EventType "swiss"]
[EventRounds "5"]
[EventCountry "CAN"]
[TimeControl "5400+30"]

1. Nf3 d5 2. d4 Nc6 3. Bf4 Bf5 4. Nbd2 h6 5. c4 e6 6. cxd5 exd5 7. a3 Nf6 8. g3
Bd6 9. Be5 O-O 10. Bg2 Bxe5 11. dxe5 Ng4 12. Nh4 Be6 13. O-O Ngxe5 14. Nb3 b6
15. Rc1 Ne7 16. Nd4 c5 17. Nxe6 fxe6 18. Nf3 N7c6 19. Rc3 Nxf3+ 20. Bxf3 Nd4
21. Bg2 Rc8 22. e3 Nb5 23. Rd3 c4 24. Rd2 Qf6 25. Qa4 c3 26. bxc3 Qxc3 27. Rfd1
Qc4 28. Qa6 Nc3 29. Qxc4 Rxc4 30. Ra1 Rfc8 31. Bh3 Kf7 32. Kf1 R8c5 33. Rb2 Ne4
34. Bg2 Nd6 35. Ke1 Rc2 36. Raa2 Rxb2 37. Rxb2 b5 38. Bf1 a6 39. Kd1 Rc3 40. a4
Rc5 41. axb5 axb5 42. h4 Nc4 43. Rb3 Kf6 44. Ke2 g5 45. hxg5+ hxg5 46. Kd3 e5
47. Bh3 Nd6 48. Bg2 e4+ 49. Kd4 Rc4+ 50. Kxd5 Ke7 51. Rxb5 Nxb5 52. Kxc4 Nd6+
53. Kd5 1-0

[Event "Ste-Foy 1 2023-24"]
[Site "Ste-Foy CAN"]
[Date "2023.10.16"]
[Round "5"]
[White "Vaillant, Charles-Etienne"]
[Black "Berube, Antoine"]
[Result "0-1"]
[ECO "D31"]
[WhiteElo "1678"]
[BlackElo "2230"]
[PlyCount "120"]
[EventDate "2023.11.09"]
[EventType "swiss"]
[EventRounds "5"]
[EventCountry "CAN"]
[TimeControl "5400+30"]

1. d4 d5 2. c4 e6 3. Nc3 a6 4. cxd5 exd5 5. Bf4 Nf6 6. e3 c5 7. Nf3 c4 8. a4
Nc6 9. Be2 Bf5 10. O-O Na5 11. Nd2 Bb4 12. Bg5 Bxc3 13. bxc3 h6 14. Bxf6 Qxf6
15. Bf3 O-O-O 16. e4 dxe4 17. Bxe4 Rhe8 18. Qb1 Bxe4 19. Nxe4 Qg6 20. Nc5 Qxb1
21. Raxb1 Re2 22. Rfe1 Rde8 23. Kf1 Rxe1+ 24. Rxe1 Rxe1+ 25. Kxe1 Kc7 26. Kd2
Nc6 27. Ke3 Ne7 28. g3 Kc6 29. f3 b5 30. a5 b4 31. cxb4 Nd5+ 32. Kd2 Kb5 33. h4
Nxb4 34. Nb7 Nd5 35. Nd6+ Kxa5 36. Nxc4+ Kb4 37. Ne5 f6 38. Nd3+ Kc4 39. Nc5 a5
40. Nd3 Kxd4 41. Nb2 Nb6 42. h5 a4 43. Nd3 Nd5 44. Nc1 Kc4 45. f4 Nb4 46. Ke3
f5 47. Kf3 a3 48. g4 Kc3 49. gxf5 Kb2 50. f6 gxf6 51. Kg4 Kxc1 52. Kf5 a2 53.
Kg6 a1=Q 54. Kxh6 Nd5 55. f5 Qa8 56. Kg7 Qa7+ 57. Kh6 Qg1 58. Kh7 Qg5 59. h6
Ne7 60. Kh8 Qxh6# 0-1

[Event "Ste-Foy 2 2023-24"]
[Site "Ste-Foy CAN"]
[Date "2023.10.23"]
[Round "1"]
[White "Fillion, Jean-Yves"]
[Black "Dionne, Frederick"]
[Result "0-1"]
[ECO "D00"]
[WhiteElo "1328"]
[BlackElo "1298"]
[PlyCount "54"]
[EventDate "2023.10.23"]
[EventType "tourn"]
[EventRounds "5"]
[EventCountry "CAN"]
[TimeControl "5400+30"]

1. d4 d5 2. Bf4 Nf6 3. e3 a6 4. Nf3 Bg4 5. h3 Bh5 6. c4 e6 7. a3 Bd6 8. Be2
Bxf4 9. exf4 dxc4 10. Qa4+ b5 11. Qd1 Qd6 12. Ne5 Bxe2 13. Qxe2 Qxd4 14. f5
Nbd7 15. Nf3 Qd5 16. fxe6 fxe6 17. Nc3 Qc6 18. O-O O-O 19. Rfe1 Nc5 20. Ne5 Qb6
21. Rad1 Rad8 22. Kh1 Nd5 23. Nxd5 exd5 24. Nf3 Nd3 25. Qe6+ Qxe6 26. Rxe6
Nxf2+ 27. Kh2 Nxd1 0-1

[Event "Ste-Foy 2 2023-24"]
[Site "Ste-Foy CAN"]
[Date "2023.10.23"]
[Round "1"]
[White "Verge, Leo"]
[Black "Laurendeau, Alfred"]
[Result "0-1"]
[ECO "B01"]
[WhiteElo "1417"]
[BlackElo "1530"]
[PlyCount "98"]
[EventDate "2023.10.23"]
[EventType "tourn"]
[EventRounds "5"]
[EventCountry "CAN"]
[TimeControl "5400+30"]

1. e4 d5 2. exd5 Qxd5 3. Nc3 Qd8 4. Nf3 Bg4 5. h3 Bxf3 6. Qxf3 c6 7. Bc4 Nf6 8.
g4 e6 9. d3 Nbd7 10. a3 Bd6 11. Be3 Ne5 12. Qg2 Nxc4 13. dxc4 Qc7 14. O-O O-O-O
15. Ne2 Nd7 16. b4 c5 17. a4 cxb4 18. Bxa7 Bc5 19. Bxc5 Qxc5 20. c3 Qxc4 21.
cxb4 Qxe2 22. Rfc1+ Kb8 23. b5 Rc8 24. a5 Rxc1+ 25. Rxc1 Qxb5 26. Qg3+ e5 27.
Qc3 Qa4 28. Qc7+ Ka7 29. Rb1 Qc6 30. Qxc6 bxc6 31. Rd1 Nf6 32. Rd6 Rc8 33. f3
Nd5 34. Rd7+ Rc7 35. Rd8 f6 36. Kf2 Nf4 37. h4 c5 38. Ke3 c4 39. Kd2 c3+ 40.
Kc2 Ne6 41. Rd3 Nd4+ 42. Kc1 c2 43. Rd2 Nb3+ 44. Kb2 c1=Q+ 45. Ka2 Qxd2+ 46.
Ka3 Qxa5+ 47. Kxb3 Qb5+ 48. Ka3 Rc6 49. g5 Ra6# 0-1

[Event "Ste-Foy 2 2023-24"]
[Site "Ste-Foy CAN"]
[Date "2023.10.30"]
[Round "2"]
[White "Caire, Francois"]
[Black "Berube, Antoine"]
[Result "1-0"]
[ECO "D45"]
[WhiteElo "2220"]
[BlackElo "2236"]
[PlyCount "79"]
[EventDate "2023.10.23"]
[EventType "tourn"]
[EventRounds "5"]
[EventCountry "CAN"]
[TimeControl "5400+30"]

1. d4 d5 2. Nf3 Nf6 3. c4 c6 4. Nc3 e6 5. e3 Nbd7 6. Be2 Bd6 7. b3 O-O 8. O-O
b6 9. Bb2 Bb7 10. Bd3 Qe7 11. e4 dxe4 12. Nxe4 Nxe4 13. Bxe4 Nf6 14. Bc2 Ba3
15. Bxa3 Qxa3 16. Qe2 Rad8 17. Rad1 Rd6 18. Qe3 Rfd8 19. Ne5 Qxa2 20. Qc3 c5
21. Ra1 cxd4 22. Qd2 Qxa1 23. Rxa1 d3 24. Bd1 Ne4 25. Qf4 f6 26. Ng4 e5 27. Qc1
d2 28. Qc2 a5 29. Ne3 Nc5 30. Be2 g6 31. Rd1 Kf7 32. Nd5 Kg7 33. Rxd2 Bxd5 34.
Rxd5 Rxd5 35. cxd5 Rxd5 36. g3 Rd4 37. h4 h5 38. Bc4 Ne4 39. Bd3 f5 40. Qc7+
1-0

[Event "Ste-Foy 2 2023-24"]
[Site "Ste-Foy CAN"]
[Date "2023.10.30"]
[Round "2"]
[White "Laurendeau, Alfred"]
[Black "Marois, Remi"]
[Result "0-1"]
[ECO "D38"]
[WhiteElo "1530"]
[BlackElo "1518"]
[PlyCount "50"]
[EventDate "2023.10.23"]
[EventType "tourn"]
[EventRounds "5"]
[EventCountry "CAN"]
[TimeControl "5400+30"]

1. d4 Nf6 2. c4 e6 3. Nf3 d5 4. Nc3 Bb4 5. Bg5 O-O 6. e3 b6 7. Nd2 Bxc3 8. bxc3
Ba6 9. Qa4 Qd7 10. Qxd7 Nbxd7 11. Bxf6 Nxf6 12. cxd5 Bxf1 13. Kxf1 exd5 14. g3
c5 15. Kg2 Rab8 16. a4 c4 17. f3 a6 18. Rhb1 Rfe8 19. Kf2 Re7 20. Re1 b5 21.
axb5 axb5 22. Reb1 Reb7 23. Rb4 Ne8 24. Rab1 Nc7 25. R1b2 Na6 0-1

[Event "Ste-Foy 2 2023-24"]
[Site "Ste-Foy CAN"]
[Date "2023.10.30"]
[Round "2"]
[White "Potvin, Alain-Nicolas"]
[Black "Drolet, Stephane"]
[Result "0-1"]
[ECO "A80"]
[WhiteElo "1711"]
[BlackElo "2048"]
[PlyCount "42"]
[EventDate "2023.10.23"]
[EventType "tourn"]
[EventRounds "5"]
[EventCountry "CAN"]
[TimeControl "5400+30"]

1. d4 f5 2. g4 d5 3. g5 c5 4. Nf3 cxd4 5. Qxd4 Nc6 6. Qh4 e5 7. Bg2 e4 8. Nfd2
Bd6 9. c3 Nge7 10. Nb3 Ng6 11. Qh5 Be6 12. Bh3 Qd7 13. Be3 Bf7 14. Bc5 Be5 15.
N1d2 h6 16. Bf1 Nf4 17. Qh4 Ne6 18. O-O-O b6 19. Ba3 O-O-O 20. Nc4 Bf4+ 21. e3
hxg5 0-1